Map: Arctic Gates

Players

Dramistion

  • Race: Terran Terran
  • League: Platinum
  • Spawn Location: 0:00

Eperrial

  • Race: Zerg Zerg
  • League: Platinum
  • Spawn Location: 3:00

BizMac - Winner!

  • Race: Protoss Protoss
  • League: Platinum
  • Spawn Location: 0:00

ILIEKEGGPIE - Winner!

  • Race: Protoss Protoss
  • League: Platinum
  • Spawn Location: 9:00

VOD

Have the link to the VOD?

Description

Time

  • Played on: April 11, 2018, 8:07 p.m.
  • Length: 10:52
Show
View Real Time Build Order
Export as new Build Order

Dramistion Terran 

Build Orders: Cyclone Opening 

Get SALT Encoding   

  12  0:02  SCV  
  13  0:18  Supply Depot  
  13  0:21  SCV  
  14  0:34  SCV  
  15  0:42  Barracks  
  15  0:48  SCV  
  16  0:55  Supply Depot  
  16  1:02  SCV  
  17  1:06  Refinery  
  17  1:09  Refinery  
  17  1:46  SCV  
  18  1:50  Factory  
  18  1:58  SCV  
  19  2:06  Barracks Reactor  
  19  2:10  SCV  
  20  2:22  SCV  
  21  2:36  Supply Depot  
  21  2:49  Orbital Command  
  21  2:51  Cyclone  
  21  2:52  Cyclone  
  27  3:02  Supply Depot  
  27  3:19  SCV  
  28  3:25  Supply Depot  
  28  3:32  SCV  
  28  3:33  Cyclone  
  28  3:34  Cyclone  
  35  3:50  Supply Depot  
  35  4:06  Cyclone  
  38  4:30  Cyclone  
  41  4:38  Cyclone  
  44  4:54  Supply Depot  
  33  5:16  Supply Depot  
  22  5:34  SCV  
  20  5:46  SCV  
  21  5:52  Cyclone  
  24  5:58  SCV  
  25  6:12  Cyclone  
  28  6:24  Cyclone  
  28  6:25  Engineering Bay  
  31  7:00  SCV  
  32  7:05  Hi-Sec Auto Tracking  
  32  7:12  SCV  
  32  7:13  Missile Turret  
  33  7:20  Cyclone x2  
  39  7:24  SCV  
  40  7:36  SCV  
  41  7:49  SCV  
  41  7:50  Starport  
  42  8:01  SCV  
  43  8:36  Starport Tech Lab  
  43  8:40  Starport  
  43  8:46  Command Center  
  43  8:48  Command Center  
  43  8:49  SCV  
  23  9:18  Starport  
  23  9:26  Fusion Core  
  23  9:47  SCV  
  24  9:53  Starport Tech Lab  
  24  9:54  Starport Tech Lab  
  24  9:59  SCV  
  25  10:12  SCV  
Show
View Real Time Build Order
Export as new Build Order

Eperrial Zerg 

Build Orders: Hatch First 

Get SALT Encoding   

  12  0:01  Drone  
  13  0:10  Drone  
  14  0:18  Overlord  
  14  0:37  Drone x2  
  16  0:52  Hatchery  
  16  0:54  Extractor  
  14  1:10  Spawning Pool, Drone  
  14  1:16  Drone  
  15  1:20  Drone  
  16  1:26  Drone  
  17  1:36  Drone  
  18  1:46  Drone  
  19  1:55  Overlord  
  19  1:57  Metabolic Boost  
  19  2:04  Drone  
  19  2:05  Drone  
  21  2:09  Queen  
  24  2:22  Drone  
  24  2:24  Drone  
  24  2:27  Drone  
  26  2:43  Drone  
  27  2:44  Drone  
  27  2:45  Drone  
  27  2:48  Drone  
  30  2:53  Extractor  
  30  2:55  Lair  
  30  2:57  Drone  
  30  2:59  Queen  
  30  3:03  Drone  
  33  3:13  Drone  
  33  3:19  Drone x2  
  36  3:22  Overlord x2  
  36  3:32  Drone, Extractor  
  36  3:37  Drone, Extractor  
  36  3:42  Drone  
  37  3:54  Spire  
  37  3:55  Drone  
  37  3:56  Overlord  
  37  3:57  Overlord x3  
  37  3:59  Drone x2  
  37  4:00  Drone  
  40  4:09  Drone x2  
  43  4:10  Drone  
  43  4:12  Drone  
  44  4:30  Drone x2  
  46  4:37  Drone x2  
  48  5:11  Mutalisk  
  48  5:12  Mutalisk x8  
  66  5:24  Mutalisk  
  68  5:30  Mutalisk  
  68  5:35  Zergling x2  
  71  5:36  Zergling x12  
  75  5:58  Zergling x6  
  75  5:59  Zergling x2  
  79  6:10  Zerg Flyer Weapons Level 1  
  79  6:12  Zergling x10  
  79  6:14  Overlord x2  
  83  6:31  Zergling x4  
  82  6:46  Mutalisk x5  
  88  6:50  Mutalisk x2  
  94  7:06  Zergling x4  
  96  7:17  Mutalisk  
  96  7:20  Overlord x6  
  98  7:43  Mutalisk x5  
  80  8:15  Mutalisk  
  80  8:16  Mutalisk x3  
  80  8:26  Mutalisk  
  78  8:31  Zergling x6  
  83  8:42  Hatchery  
  83  8:45  Mutalisk x2  
  86  8:51  Hatchery  
  85  9:15  Zergling x2  
  85  9:16  Zergling x16  
  94  9:23  Mutalisk  
  96  9:35  Mutalisk x4  
  96  9:37  Zergling x6  
  106  10:01  Mutalisk x3  
  106  10:02  Zergling x2  
  106  10:03  Zergling x10  
  92  10:28  Mutalisk x3  
  86  10:29  Zergling x2  
  86  10:30  Zergling x8  
Show
View Real Time Build Order
Export as new Build Order

BizMac Protoss - Winner!

Build Orders: Double Forge 

Get SALT Encoding   

  12  0:03  Probe  
  13  0:15  Probe  
  14  0:24  Pylon  
  14  0:27  Probe  
  15  0:42  Assimilator  
  15  0:45  Gateway  
  15  0:54  Probe (Chrono Boost)  
  17  1:05  Probe (Chrono Boost)  
  17  1:09  Probe (Chrono Boost)  
  18  1:15  Gateway  
  18  1:20  Probe  
  19  1:25  Assimilator  
  19  1:32  Probe (Chrono Boost)  
  20  1:41  Pylon  
  20  1:47  Cybernetics Core  
  20  2:00  Probe  
  21  2:05  Gateway  
  21  2:12  Probe (Chrono Boost)  
  22  2:19  Gateway  
  22  2:21  Warp Gate (Chrono Boost)  
  22  2:32  Forge  
  22  2:57  Nexus  
  22  3:02  Pylon  
  22  3:41  Forge  
  22  3:44  Pylon, Photon Cannon  
  22  3:45  Pylon  
  22  3:50  Robotics Facility  
  22  3:59  Probe  
  23  4:15  Probe (Chrono Boost)  
  26  4:25  Probe (Chrono Boost)  
  25  4:33  Stalker x3  
  25  4:35  Probe  
  32  4:40  Twilight Council  
  32  4:43  Protoss Ground Weapons Level 1  
  32  4:47  Probe (Chrono Boost)  
  33  4:57  Stalker  
  33  4:58  Probe (Chrono Boost)  
  36  5:22  Stalker x2  
  36  5:23  Stalker x2  
  44  5:30  Probe  
  44  5:35  Protoss Ground Armor Level 1  
  45  5:42  Probe  
  44  5:51  Stalker x3  
  50  6:00  Pylon  
  50  6:08  Pylon  
  50  6:19  Stalker x3  
  36  6:41  Stalker  
  36  6:42  Zealot x2  
  36  6:43  Zealot  
  44  6:57  Photon Cannon  
  44  6:58  Probe (Chrono Boost)  
  45  7:07  Probe (Chrono Boost)  
  46  7:12  Probe (Chrono Boost)  
  47  7:17  Templar Archives  
  47  7:22  Probe  
  48  7:26  Stalker x3  
  48  7:28  Probe  
  54  7:30  Blink (Chrono Boost)  
  54  7:36  Probe  
  55  7:38  Assimilator  
  55  7:44  Assimilator  
  56  7:47  Probe  
  55  7:54  Zealot x4  
  43  8:17  Stalker x4  
  51  8:27  Pylon  
  51  8:30  Pylon  
  51  8:31  Probe  
  52  8:37  Pylon  
  52  8:41  Photon Cannon  
  52  8:43  Probe  
  52  8:45  Stalker  
  52  8:46  Stalker  
  57  8:52  Photon Cannon  
  57  8:55  Probe  
  58  9:15  Stalker x3  
  64  9:29  Photon Cannon  
  64  9:43  High Templar  
  64  9:44  High Templar x3  
  72  9:47  Nexus  
  72  9:48  Archon  
  72  9:49  Archon  
  66  10:40  Stalker x4  
Show
View Real Time Build Order
Export as new Build Order

ILIEKEGGPIE Protoss - Winner!

Build Orders: Oracle Opening 

Get SALT Encoding   

  12  0:01  Probe  
  13  0:13  Probe  
  14  0:25  Pylon, Probe  
  15  0:36  Assimilator  
  15  0:42  Assimilator  
  15  0:43  Probe  
  16  0:56  Gateway  
  16  1:05  Probe (Chrono Boost)  
  17  1:15  Probe (Chrono Boost)  
  18  1:20  Probe (Chrono Boost)  
  19  1:30  Pylon  
  19  1:32  Probe (Chrono Boost)  
  20  1:44  Probe (Chrono Boost)  
  21  1:49  Cybernetics Core  
  21  1:52  Probe (Chrono Boost)  
  22  2:30  Stargate x2  
  22  2:42  Protoss Air Weapons Level 1 (Chrono Boost)  
  22  2:45  Nexus  
  22  2:48  Adept  
  24  3:01  Probe  
  25  3:14  Probe  
  25  3:17  Oracle  
  29  3:32  Pylon  
  29  3:40  Pylon  
  29  3:50  Oracle  
  32  4:01  Probe (Chrono Boost)  
  34  4:05  Oracle  
  34  4:07  Probe (Chrono Boost)  
  37  4:12  Probe (Chrono Boost)  
  37  4:15  Probe (Chrono Boost)  
  39  4:21  Gateway  
  39  4:23  Gateway  
  39  4:30  Oracle  
  42  4:33  Warp Gate (Chrono Boost)  
  42  4:49  Probe (Chrono Boost)  
  44  4:54  Probe (Chrono Boost)  
  44  4:59  Pylon, Probe (Chrono Boost)  
  45  5:02  Probe (Chrono Boost)  
  46  5:13  Probe  
  39  5:38  Gateway  
  39  5:39  Pylon  
  39  5:43  Assimilator, Gateway x2  
  39  5:44  Assimilator  
  45  6:01  Phoenix  
  45  6:02  Phoenix  
  43  6:21  Pylon  
  43  6:23  Forge  
  43  6:25  Forge  
  43  6:29  Phoenix  
  43  6:30  Phoenix  
  44  6:54  Phoenix (Chrono Boost)  
  44  6:55  Phoenix (Chrono Boost)  
  45  7:11  Stargate  
  45  7:12  Phoenix x2 (Chrono Boost)  
  45  7:13  Probe (Chrono Boost)  
  51  7:18  Protoss Ground Armor Level 1, Probe (Chrono Boost)  
  51  7:24  Probe (Chrono Boost)  
  51  7:26  Probe (Chrono Boost)  
  53  7:33  Probe  
  53  7:36  Phoenix  
  56  8:27  Phoenix (Chrono Boost)  
  56  8:28  Phoenix (Chrono Boost)  
  62  8:34  Phoenix (Chrono Boost)  
  62  8:42  Stalker x3  
  62  8:43  Phoenix (Chrono Boost)  
  62  8:44  Probe  
  62  8:45  Probe  
  72  8:52  Phoenix  
  74  9:05  Nexus  
  74  9:07  Pylon  
  74  9:09  Pylon  
  74  9:12  Assimilator  
  74  9:17  Assimilator  
  74  9:22  Pylon  
  74  9:23  Phoenix x3  
  80  9:25  Pylon  
  80  9:35  Probe (Chrono Boost)  
  82  9:41  Probe (Chrono Boost), Pylon  
  82  9:45  Probe (Chrono Boost), Pylon  
  83  9:48  Phoenix  
Tags
 
Add a new tag
Caveats
  • Supply blocks, unpowered buildings, or Contaminate may cause inaccurate times.
  • Supply counts are checked every 10 seconds.